 Dungeon Crawl Stone Soup version 0.28-a0-313-gbc0475efdd (webtiles) character file.

Game seed: 6807389630137844845

75 Gwenloh the Chopper (level 4, 0/41 HPs)
             Began as a Hill Orc Cinder Acolyte on Aug 31, 2021.
             Was a High Priest of Ignis.
             Slain by an ice beast (10 damage)
             ... on level 4 of the Dungeon.
             The game lasted 00:08:34 (3034 turns).

Gwenloh the Chopper (Hill Orc Cinder Acolyte)       Turns: 3034, Time: 00:08:35

Health: 0/41       AC:  4    Str: 17    XL:     4   Next: 31%
Magic:  2/5        EV: 11    Int: 13    God:    Ignis [*****.]
Gold:   118        SH:  0    Dex:  7    Spells: 4/5 levels left

rFire   + . .      SeeInvis .   a - -1 hand axe (flame)
rCold   . . .      Faith    .   (no shield)
rNeg    . . .      Spirit   .   g - +0 leather armour
rPois   .          Reflect  .   (no helmet)
rElec   .          Harm     .   (no cloak)
rCorr   .          Rampage  .   m - +0 pair of gloves
Will    .....                   (no boots)
Stlth   +.........              (no amulet)
HPRegen 0.13/turn               (no ring)
MPRegen 0.09/turn               (no ring)

@: very slightly contaminated
A: no striking features
a: Renounce Religion, Sea of Fire, Foxfire Swarm, Rising Flame


You were on level 4 of the Dungeon.
You worshipped Ignis.
Ignis was extremely pleased with you.
You visited 1 branch of the dungeon, and saw 4 of its levels.

You collected 118 gold pieces.

Inventory:

Hand Weapons
 a - a -1 hand axe of flaming (weapon)
 b - a +0 hunting sling
Missiles
 h - 16 poisoned darts (quivered)
 j - 9 sling bullets
 k - 97 stones
Armour
 g - a +0 leather armour (worn)
 m - a +0 pair of gloves (worn)
Scrolls
 d - 6 scrolls of identify {unknown}
 f - a scroll of fog {unknown}
 i - a scroll of brand weapon {unknown}
 l - a scroll of summoning {unknown}
Potions
 c - a potion of attraction {unknown}
 e - a potion of heal wounds {unknown}


   Skills:
 * Level 4.3 Fighting
 * Level 4.9 Axes
 * Level 1.5 Armour
 - Level 0.3 Stealth
 + Level 1.2 Spellcasting
 + Level 1.7 Fire Magic


You had 4 spell levels left.
You knew the following spells:

 Your Spells              Type           Power      Damage    Failure   Level
a - Foxfire               Conj/Fire      12%        2x1d4     22%         1

Your spell library contained the following spells:

 Spells                   Type           Power      Damage    Failure   Level
 Beastly Appendage        Tmut           0%         N/A       32%         1
 Sublimation of Blood     Necr           0%         N/A       45%         2
 Agony                    Necr           0%         N/A       100%        5
 Excruciating Wounds      Necr           0%         N/A       100%        5
 Simulacrum               Ice/Necr       0%         N/A       100%        6


Dungeon Overview and Level Annotations

Branches:
Dungeon (4/15)
 Temple: D:4-7

Altars:
Fedhas
Kikubaaqudgha
Sif Muna


Message History

j - 10 sling bullets (gained 1) Done exploring.
Done exploring.
There is a stone staircase leading down here.
You climb downwards.
The goblin shouts!
There is a stone staircase leading up here.
You shoot a sling bullet.
The sling bullet barely misses the goblin.
The goblin hits you but does no damage.
Your -1 hand axe of flaming bursts into flame!
a - a -1 hand axe of flaming (weapon)
The hound skeleton bites you.
You hit the hound skeleton. You burn the hound skeleton.
The hound skeleton is moderately damaged.
You closely miss the goblin. The goblin misses you.
The hound skeleton bites you.
Casting: Foxfire (safe; 22% risk of failure)
Confirm with . or Enter, or press ? or * to list all spells.
You miscast Foxfire.
You are very lightly contaminated with residual magic.
Nothing appears to happen.
The goblin hits you with a +0 dagger. The hound skeleton closely misses you.
The hound skeleton bites you. The hound skeleton bites you.
Casting: Foxfire (safe; 22% risk of failure)
Confirm with . or Enter, or press ? or * to list all spells.
You miscast Foxfire.
Nothing appears to happen.
Casting: Foxfire (safe; 22% risk of failure)
Confirm with . or Enter, or press ? or * to list all spells.
You conjure some foxfire!
The foxfire hits the hound skeleton.
The hound skeleton is moderately damaged.
The ice beast hits you. The ice beast freezes you!
* * * LOW HITPOINT WARNING * * *
The foxfire hits the hound skeleton.
The hound skeleton is heavily damaged.
The ice beast hits you.
* * * LOW HITPOINT WARNING * * *
The ice beast freezes you!
You die...

#......#
##.#.#.#
#......#
##.#.#.#
#....<.#
##.#.#.#
#......##
...#.#.#Y.#
.......@Z.#
...#.#.#ยง.#
..#.......#
(..#.#.####
......
###.#. ....
## #.


You could see an ice beast and a hound skeleton.

Vanquished Creatures
  An adder (D:3)
  A shadow imp (D:3)
  A worm (D:3)
  A dart slug (D:2)
  An orc (D:3)
  7 bats
  5 endoplasms
  4 giant cockroaches
  2 goblins
  10 hobgoblins
  2 ball pythons (D:3)
  A frilled lizard (D:1)
  6 kobolds
  7 rats
49 creatures vanquished.

Vanquished Creatures (others)
  79 foxfires
79 creatures vanquished.

Grand Total: 128 creatures vanquished

Notes
Turn   | Place    | Note
-------+----------+-------------------------------------------
     0 | D:1      | Gwenloh the Hill Orc Cinder Acolyte began the quest for the
                  | Orb.
     0 | D:1      | Reached XP level 1. HP: 19/19 MP: 2/2
   624 | D:1      | Reached XP level 2. HP: 27/27 MP: 0/3
  1218 | D:1      | Reached XP level 3. HP: 33/33 MP: 1/4
  1368 | D:1      | Found a faded altar of an unknown god.
  1445 | D:1      | Found a shimmering blue altar of Sif Muna.
  2257 | D:3      | Reached skill level 1 in Armour
  2468 | D:3      | Reached XP level 4. HP: 39/40 MP: 5/5
  2486 | D:3      | Got the Reference Book on Transmigration and Necromancy
  2625 | D:3      | Found a blossoming altar of Fedhas.
  2630 | D:3      | Found an ancient bone altar of Kikubaaqudgha.
  3023 | D:4      | Noticed an ice beast
  3034 | D:4      | Slain by an ice beast

Illustrated notes

Levels and vault maps discovered:
D:1:      sevenhm_arrival_forest_fort_small_6, layout_basic,
          shapermc_ecumenical_altar_mp_vishouse
D:2:      layout_basic
D:3:      layout_loops_cross, grunt_temple_overflow_growth_and_decay
D:4:      cheibrodos_old_hovel, layout_gridville, nicolae_sif_muna_condensation,
          nicolae_ru_sacrificial_ziggurat, minmay_temple_entry_slanted,
          serial_shops, shop, shop, nicolae_shop_waterfront, st_stairs_13,
          uniq_robin

Skill      XL: |  1  2  3 |
---------------+----------+-----
Fighting       | 4 |  4.3
Armour         | 1 |  1.5
Axes           | |  4.9
Stealth        | |  0.3
Spellcasting   | |  1.2
Fire Magic     | |  1.7

Action                   |  1- 3 |  4- 6 || total
-------------------------+-------+-------++-------
Melee: Hand axe          |    75 |     8 ||    83
 Fire: Hunting sling     |    16 |    23 ||    39
Throw: Dart              |       |     4 ||     4
 Cast: Foxfire           |    30 |     2 ||    32
Invok: Sea of Fire       |     2 |       ||     2
       Foxfire Swarm     |     1 |       ||     1
Armor: Robe              |    12 |       ||    12
       Leather armour    |     1 |     9 ||    10
Dodge: Dodged            |    53 |     9 ||    62

Table legend: (Time is in decaauts)
 A = Elapsed time spent in this place.
 B = Non-inter-level travel time spent in this place.
 C = Inter-level travel time spent in this place.
 D = Time resting spent in this place.
 E = Time spent auto-exploring this place.
 F = Levels seen in this place.
 G = Mean time per level.
                   A        B        C        D        E       F      G
               +--------+--------+--------+--------+--------+-----+--------+
         Total |   3039 |   2917 |    122 |    100 |   2373 |   4 |  759.8 |
       Dungeon |   3039 |   2917 |    122 |    100 |   2373 |   4 |  759.8 |
               +--------+--------+--------+--------+--------+-----+--------+

Top non-repeatable levels by time:
     D:1: 1530 daAuts
     D:3: 772 daAuts
     D:2: 725 daAuts
     D:4: 10 daAuts
